 Dungeon Crawl Stone Soup version 0.25.1-2-g60ff931df9 (webtiles) character file.

Game seed: 13122568875235922236

123 H0rd4k the Insei (level 5, 0/33 HPs)
             Began as an Octopode Transmuter on Sept 16, 2020.
             Slain by an adder (5 damage)
             ... on level 3 of the Dungeon.
             The game lasted 00:03:14 (2965 turns).

H0rd4k the Insei (Octopode Transmuter)              Turns: 2965, Time: 00:03:15

Health: 0/33       AC:  1    Str: 10    XL:     5   Next: 7%
Magic:  8/8        EV: 14    Int: 16    God:
Gold:   127        SH:  0    Dex: 18    Spells: 8/9 levels left

rFire    . . .     SeeInvis .     - Unarmed
rCold    . . .     Gourm    .   (no shield)
rNeg     . . .     Faith    .   (helmet restricted)
rPois    .         Spirit   .   (no amulet)
rElec    .         Reflect  .   g - +6 ring of dexterity
rCorr    .         Harm     .   (no ring)
MR       .....                  (no ring)
Stlth    +++.......             (no ring)
HPRegen  0.11/turn              (no ring)
MPRegen  0.11/turn              (no ring)
                                (no ring)
                                (no ring)

@: lethally poisoned (0 -> -3)
A: almost no armour, stealthy swim, amphibious, 8 rings, constrict 8, camouflage
1, gelatinous body 1
a: no special abilities


You were on level 3 of the Dungeon.
You were not hungry.

You visited 1 branch of the dungeon, and saw 3 of its levels.

You collected 127 gold pieces.

Inventory:

Hand Weapons
 o - a +0 hunting sling
Missiles
 a - 98 arrows
 m - 16 poisoned darts (quivered)
 n - 23 sling bullets
Jewellery
 g - a +6 ring of dexterity (left tentacle)
 q - a +6 ring of intelligence {unknown}
Scrolls
 e - 5 scrolls of identify {unknown}
 f - a scroll of fog {unknown}
 h - a scroll of teleportation {unknown}
 i - a scroll of remove curse {unknown}
 j - a scroll of amnesia {unknown}
 l - a scroll of noise {unknown}
Potions
 b - a potion of berserk rage {unknown}
 d - a potion of curing {unknown}
 k - a potion of invisibility {unknown}
Comestibles
 c - 5 rations
 p - a chunk of flesh


   Skills:
 + Level 1.0 Fighting
 + Level 2.5 Dodging
 + Level 2.7 Stealth
 + Level 3.9 Unarmed Combat
 * Level 2.6 Spellcasting
 * Level 2.7 Transmutations


You had 8 spell levels left.
You knew the following spells:

 Your Spells              Type           Power        Failure   Level  Hunger
a - Beastly Appendage     Tmut           ##....       6%          1    #......

Your spell library contained the following spells:

 Spells                   Type           Power        Failure   Level  Hunger
 Sticks to Snakes         Tmut           ##......     10%         2    ##.....
 Spider Form              Tmut/Pois      #.........   32%         3    ###....
 Ice Form                 Ice/Tmut       #.......     73%         4    #####..
 Blade Hands              Tmut           ##........   86%         5    ######.


Dungeon Overview and Level Annotations

Branches:
Dungeon (3/15)

Altars:
Hepliaklqana


Innate Abilities, Weirdness & Mutations

You cannot wear most types of armour.
You are very stealthy in the water. (Stealth+)
You are amphibious.
You can wear up to eight rings at the same time.
You can use your tentacles to constrict eight enemies at once.
Your skin changes colour to match your surroundings (Stealth+).
Your rubbery body absorbs attacks. (AC +1, EV +1)


Message History

Aim: an adder (lightly wounded, poisoned)
You throw a poisoned dart.
The poisoned dart barely misses the adder.
Throwing (i - inventory)
m - 17 poisoned darts (quivered)
Press: ? - help, Shift-Dir - straight line, f/p - adder
Aim: an adder (lightly wounded, poisoned)
You throw a poisoned dart.
The poisoned dart completely misses the adder.
The adder bites you.
* * * LOW HITPOINT WARNING * * *
You are poisoned.
The adder poisons you!
You tentacle-slap the adder. You grab the adder.
The adder is moderately wounded.
You constrict the adder, but do no damage.
You feel sick. The adder closely misses you.
You tentacle-slap the adder.
The adder is severely wounded.
You constrict the adder. The adder bites you.
You die...

##########
#........#####
#..........$(.
######>....@S..(..(
#....#.#...<#.#####
#.##.#.###### #
####.##...รท....#
#.....###.####.#
#........>####+#
#.....#.........#
#.....#..........
#.....#......)..#


You could see an adder (poisoned).

Vanquished Creatures
  3 adders
  3 gnolls
  3 oozes
  2 worms (D:2)
  2 dart slugs (D:1)
  A ball python (D:2)
  3 giant cockroaches
  2 goblins
  4 hobgoblins
  6 kobolds
  10 bats
  2 frilled lizards (D:2)
  7 rats
48 creatures vanquished.

Notes
Turn   | Place    | Note
-------+----------+-------------------------------------------
     0 | D:1      | H0rd4k the Octopode Transmuter began the quest for the Orb.
     0 | D:1      | Reached XP level 1. HP: 13/13 MP: 3/3
   173 | D:1      | Reached XP level 2. HP: 10/18 MP: 5/5
   974 | D:2      | Reached XP level 3. HP: 10/23 MP: 6/6
  1238 | D:2      | Reached skill level 1 in Stealth
  1522 | D:2      | Reached XP level 4. HP: 28/28 MP: 5/7
  2022 | D:2      | Found a hazy altar of Hepliaklqana.
  2932 | D:3      | Reached XP level 5. HP: 3/33 MP: 6/8
  2965 | D:3      | Slain by an adder

Illustrated notes

Levels and vault maps discovered:
D:1:      tarquinn_simple_flora_water_c, layout_basic, minmay_misc_feat_hallway
D:2:      layout_basic, overflow_temple_1_default
D:3:      layout_basic, lemuel_zombie_altar_kikubaaqudgha, portal_sewer_entry_a

Skill      XL: |  1  2  3  4 |
---------------+-------------+-----
Stealth        | 1 2 |  2.7
Fighting       | |  1.0
Dodging        | |  2.5
Unarmed Combat | |  3.9
Spellcasting   | |  2.6
Transmutations | |  2.7

Action                   |  1- 3 |  4- 6 || total
-------------------------+-------+-------++-------
Melee: Unarmed           |    59 |    55 ||   114
       Constrict         |    17 |    15 ||    32
       Tentacles         |    13 |    13 ||    26
       Punch             |     1 |       ||     1
       Kick              |       |     5 ||     5
Throw: Dart              |       |     4 ||     4
 Cast: Beastly Appendage |     1 |     2 ||     3
 Stab: Sleeping          |     8 |     8 ||    16
  Eat: Chunk             |     2 |     4 ||     6
Armor: Skin              |     6 |     5 ||    11
Dodge: Dodged            |    33 |    36 ||    69
